 Dungeon Crawl Stone Soup version 0.14.0-12-g87ee3b7 (webtiles) character file.

384 sprout the Ducker (level 5, -5/28 HPs)
             Began as a Spriggan Abyssal Knight on Apr 17, 2014.
             Was a Priest of Lugonu.
             Slain by an iguana (6 damage)
             ... on Level 4 of the Dungeon.
             The game lasted 00:16:39 (5622 turns).

sprout the Ducker (Spriggan Abyssal Knight)         Turns: 5622, Time: 00:16:39

HP  -5/28        AC  2     Str  9      XL: 5   Next: 53%
MP  11/11        EV 21     Int 14      God: Lugonu [***...]
Gold 178         SH  0     Dex 15      Spells:  0 memorised,  4 levels left

rFire  . . .     SeeInvis +     a - +2 short sword
rCold  . . .     Clarity  .     b - +0 robe
rNeg   . . .     Conserve .     (shield restricted)
rPois  .         rCorr    .     (helmet restricted)
rElec  .         rRot     .     (no cloak)
SustAb . .       Spirit   .     (gloves unavailable)
rMut   .         Warding  .     (boots unavailable)
Saprov . . .     Stasis   .     (no amulet)
MR     .....                    (no ring)
                                (no ring)

@: very quick, not resistant to hostile enchantments, fairly stealthy
A: unfitting armour, see invisible, herbivore 3, speed 3, slow metabolism 2
a: Depart the Abyss, Bend Space, Banish, Renounce Religion


You were on level 4 of the Dungeon.
You worshipped Lugonu.
Lugonu was most pleased with you.
You were not hungry.

You visited 1 branch of the dungeon, and saw 4 of its levels.
You visited the Abyss 1 time.

You collected 178 gold pieces.

Inventory:

Hand weapons
 a - a +2,+2 short sword (weapon)
 x - the +8,+4 whip of Trog {distort, Noisy +Blink rElec rC+}
   (You found it on level 4 of the Dungeon)

   It warps and distorts space around it.
   Unwielding it can cause banishment or high damage.
   It protects you from cold.
   It insulates you from electricity.
   It lets you blink.
   It may make noises in combat.
 A - a +2,+1 vampiric dagger
Missiles
 g - 19 stones (quivered)
Armour
 b - a +0 robe (worn)
 u - a +0 hat
Magical devices
 j - a wand of confusion (23) {unknown}
Comestibles
 l - a bread ration
 n - a banana
 o - a pear
 p - a choko
 t - 2 apples
 z - a lychee
Scrolls
 e - 2 scrolls of enchant armour {unknown}
 f - 3 scrolls of teleportation
 h - 14 scrolls of identify
 m - a scroll of remove curse
 r - a scroll of enchant weapon I
 v - 2 scrolls of immolation
 w - a scroll of amnesia
Jewellery
 y - a cursed -2 ring of evasion
Potions
 c - a potion of porridge
 d - 2 potions of curing {unknown}
 i - 4 potions of agility {unknown}
 k - a potion of invisibility {unknown}
 q - a potion of might {unknown}
 s - a potion of flight {unknown}


   Skills:
 + Level 3.1 Fighting
 + Level 3.4 Short Blades
 + Level 6.7 Dodging
 + Level 0.9 Stealth
 + Level 2.1 Invocations


You had 4 spell levels left.
You didn't know any spells.

Dungeon Overview and Level Annotations

Branches:
Dungeon (4/15)
 Temple: D:4-7

Altars:
Ashenzari
Vehumet

Shops:
D:4 ?

Annotations:
Abyss:1 Crazy Yiuf, Natasha


Innate Abilities, Weirdness & Mutations

You are tiny and cannot use many weapons and most armour.
You have supernaturally acute eyesight.
You are a herbivore.
You cover ground extremely quickly.
You need consume almost no food.


Message History

You closely miss the iguana.
The iguana is heavily wounded.
The iguana misses you.
You hit the iguana.
The iguana is severely wounded.
The iguana closely misses you.
You hit the iguana.
The iguana is severely wounded.
The iguana closely misses you.
You hit the iguana but do no damage.
The iguana is severely wounded.
The iguana bites you!
* * * LOW HITPOINT WARNING * * *
You hit the iguana.
The iguana is severely wounded.
The iguana misses you.
You hit the iguana but do no damage.
The iguana is severely wounded.
The iguana bites you.
You die...

..#######.[......#...........#
..## ##........#...........#
...# #........##...........#
##.# #.....................#
#.# #........##...........#
#.# ##..####.##...........#
#.######..## #.##...........#
#..........# #.##...........#
##..........# #.@..###.##.##.#
##..........# #..l.###.##(##.#
##.........># #....##....((..#
............###....##........#
...................##........#
................>............#
##.######..####....##........#
##.######..####....##..).....#
.............................#


You could see an iguana.

Vanquished Creatures
  Ijyb (D:3)
  6 adders
  2 inept feature mimics
  A worm (D:4)
  5 giant geckos
  2 oozes
  4 orcs (D:3)
  6 hobgoblins
  6 jackals
  11 kobolds
  3 quokkas
  2 ball pythons (D:2)
  9 bats
  3 giant cockroaches
  3 giant newts
  10 goblins
  7 rats
81 creatures vanquished.

Vanquished Creatures (others)
  An orc (D:3)
1 creature vanquished.

Grand Total: 82 creatures vanquished

Notes
Turn   | Place    | Note
--------------------------------------------------------------
     0 | Abyss:1  | sprout, the Spriggan Abyssal Knight, began the quest for the Orb.
     0 | Abyss:1  | Reached XP level 1. HP: 11/11 MP: 2/2
    18 | Abyss:1  | Found a corrupted altar of Lugonu.
    47 | Abyss:1  | Noticed a neqoxec
    55 | Abyss:1  | Noticed a freezing wraith
    59 | Abyss:1  | Noticed a neqoxec
    68 | Abyss:1  | Noticed a smoke demon
    69 | Abyss:1  | Noticed a shadow
   106 | Abyss:1  | Noticed a small abomination
   129 | D:1      | Escaped the Abyss
   632 | D:1      | Reached skill level 4 in Dodging
   651 | D:1      | Reached XP level 2. HP: 10/16 MP: 4/4
   746 | D:1      | Acquired Lugonu's first power
  1659 | D:2      | Reached XP level 3. HP: 15/19 MP: 6/6
  2213 | D:2      | Reached skill level 5 in Dodging
  2218 | D:2      | Acquired Lugonu's second power
  2495 | D:2      | Reached XP level 4. HP: 14/23 MP: 9/9
  3422 | D:3      | Noticed Ijyb
  3444 | D:3      | Killed Ijyb
  3613 | D:3      | Reached skill level 6 in Dodging
  3669 | D:3      | Found a radiant altar of Vehumet.
  3716 | D:3      | Acquired Lugonu's third power
  4138 | D:3      | Reached XP level 5. HP: 28/28 MP: 11/11
  4331 | D:3      | Noticed Crazy Yiuf
  4349 | D:3      | Banished Crazy Yiuf
  4409 | D:3      | Noticed Natasha
  4581 | D:3      | Banished Natasha
  5415 | D:4      | Got a smoking whip
  5417 | D:4      | Identified the +8,+4 whip of Trog {distort, Noisy +Blink rElec rC+} (You found it on level 4 of the Dungeon)
  5420 | D:4      | Found a shattered altar of Ashenzari.
  5494 | D:4      | Found Ritsaf Inwi's Magic Scroll Shoppe.
  5620 | D:4      | HP: 1/28 [iguana (13)]
  5622 | D:4      | Slain by an iguana

Action                   |  1- 3 |  4- 6 || total
-------------------------+-------+-------++-------
Melee: Short sword       |   187 |   217 ||   404
Throw: Stone             |       |     5 ||     5
Invok: Depart the Abyss  |     1 |       ||     1
       Bend Space        |     1 |       ||     1
       Banish            |       |     4 ||     4
  Use: Scroll            |       |    12 ||    12
 Stab: Sleeping          |       |     1 ||     1
